 Dungeon Crawl Stone Soup version 0.20-a0-1122-gb7cbeb9 (webtiles) character file.

750 mibe the Cleaver (level 7, -1/57 HPs)
             Began as a Hill Orc Fighter on May 11, 2017.
             Was an Initiate of Makhleb.
             Slain by a sky beast (6 damage)
             ... on level 5 of the Dungeon.
             The game lasted 00:03:52 (3466 turns).

mibe the Cleaver (Hill Orc Fighter)                 Turns: 3466, Time: 00:03:52

Health: -1/57      AC:  6    Str: 26    XL:     7   Next: 78%
Magic:  7/7        EV:  7    Int:  8    God:    Makhleb [......]
Gold:   163        SH:  9    Dex: 10    Spells: 6/6 levels left

rFire    + . .     SeeInvis .   a - +0 war axe
rCold    + . .     Gourm    .   c - +0 shield
rNeg     . . .     Faith    .   b - +0 scale mail
rPois    .         Spirit   .   (no helmet)
rElec    .         Reflect  .   C - scarf {rC+ rF+}
rCorr    .         Harm     .   (no gloves)
MR       .....                  (no boots)
Stlth    ..........             (no amulet)
Regen    0.2/turn               (no ring)
MPRegen  0.1/turn               (no ring)

@: mighty
A: no striking features
a: Renounce Religion


You were on level 5 of the Dungeon.
You worshipped Makhleb.
Makhleb was noncommittal.
You were not hungry.

You visited 1 branch of the dungeon, and saw 5 of its levels.

You collected 163 gold pieces.

Inventory:

Hand Weapons
 a - a +0 war axe (weapon)
Armour
 b - a +0 scale mail (worn)
 c - a +0 shield (worn)
 C - a scarf of resistance (worn)
Jewellery
 g - an uncursed ring of poison resistance {unknown}
 t - an uncursed ring of protection from magic {unknown}
 u - a cursed ring of teleportation {unknown}
 y - a cursed ring of loudness {unknown}
Scrolls
 e - 2 scrolls of remove curse {unknown}
 h - a scroll of immolation {unknown}
 i - 2 scrolls of recharging {unknown}
 l - a scroll of blinking {unknown}
 m - a scroll of fear {unknown}
 n - 5 scrolls of identify {unknown}
 r - a scroll of enchant weapon {unknown}
 s - a scroll of noise {unknown}
 A - a scroll of fog {unknown}
 E - a scroll of magic mapping {unknown}
 F - 2 scrolls of teleportation {unknown}
 G - a scroll of enchant armour {unknown}
Potions
 j - 4 potions of heal wounds {unknown}
 o - a potion of curing {unknown}
 q - a potion of resistance {unknown}
 v - a potion of brilliance {unknown}
 w - 2 potions of ambrosia {unknown}
 x - a potion of invisibility {unknown}
 z - a potion of mutation {unknown}
 B - 2 potions of agility {unknown}
 D - 2 potions of berserk rage {unknown}
Comestibles
 f - 2 bread rations
 k - 2 meat rations
 p - 4 royal jellies


   Skills:
 - Level 3.6 Fighting
 + Level 11.0 Axes
 - Level 3.2 Armour
 - Level 3.2 Shields


You had 6 spell levels left.
You didn't know any spells.

Dungeon Overview and Level Annotations

Branches:
Dungeon (5/15)
 Temple: D:4-7

Altars:
Dithmenos
Hepliaklqana
Makhleb
Ru
Xom


Message History

You kill the shadow imp!
Makhleb accepts your kill.
You closely miss the shadow imp.
The shadow imp is moderately wounded.
You block the shadow imp's attack.
You closely miss the shadow imp.
The shadow imp is moderately wounded.
The shadow imp hits you.
* * * LOW HITPOINT WARNING * * *
You slash the shadow imp!
You kill the shadow imp!
Makhleb accepts your kill.
The sky beast flickers out of sight!
Deactivating autopickup; reactivate with Ctrl-A.
Your shield prevents you from hitting something.
Something hits you but does no damage.
You closely miss something. Something hits you.
* * * LOW HITPOINT WARNING * * *
Something shocks you.
You die...

..##∩_...'.###...#
..###≈≈≈.#.# #...#
..##≈≈≈.##.# #...# #
...#######.###...#.#
.. ...# #.........# ..
#.## #......#####. .
#.# #####.##.#..# .
#.# #.# #.....##.##.#
.#...# #.#
#.######.##@##....#
#.# #.# #.##.#....#
#>####.######.....)..#
#.#>...........#.#)..#
#.#.....####.###.#...#
#.#.##### # #....##
#...# ....## ....#
#.#)# #..## ..#.#


There were no monsters in sight!

Vanquished Creatures
  Grinder (D:5)
  A centaur (D:5)
  4 scorpions
  2 crimson imps (D:5)
  An orc wizard (D:3)
  A worker ant (D:4)
  A worker ant zombie (D:5)
  3 gnolls (D:4)
  4 adders
  2 shadow imps (D:5)
  An ooze (D:4)
  2 adder skeletons (D:4)
  A worm (D:3)
  A dart slug (D:2)
  A leopard gecko (D:1)
  11 orcs
  3 giant cockroaches
  7 goblins
  6 hobgoblins
  9 jackals
  3 bats
  4 frilled lizards
  3 kobolds
  7 rats
79 creatures vanquished.

Notes
Turn   | Place    | Note
-------+----------+-------------------------------------------
     0 | D:1      | mibe the Hill Orc Fighter began the quest for the Orb.
     0 | D:1      | Reached XP level 1. HP: 19/19 MP: 1/1
    38 | D:1      | Reached skill level 3 in Axes
   257 | D:1      | Reached XP level 2. HP: 26/26 MP: 2/2
   407 | D:1      | Reached skill level 4 in Axes
   716 | D:2      | Reached XP level 3. HP: 30/31 MP: 3/3
  1020 | D:2      | Reached skill level 5 in Axes
  1195 | D:2      | Found a hazy altar of Hepliaklqana.
  1294 | D:3      | Found a sacrificial altar of Ru.
  1303 | D:3      | Reached skill level 6 in Axes
  1303 | D:3      | Reached XP level 4. HP: 34/39 MP: 4/4
  1435 | D:3      | Found a shadowy altar of Dithmenos.
  1481 | D:3      | Reached skill level 7 in Axes
  1481 | D:3      | Reached XP level 5. HP: 45/45 MP: 5/5
  2031 | D:3      | Found a shimmering altar of Xom.
  2492 | D:4      | Reached skill level 8 in Axes
  2492 | D:4      | Reached XP level 6. HP: 32/51 MP: 6/6
  2968 | D:5      | Entered Level 5 of the Dungeon
  3006 | D:5      | Reached skill level 9 in Axes
  3252 | D:5      | Noticed Grinder
  3258 | D:5      | Paralysed by Grinder for 4 turns
  3262 | D:5      | Killed Grinder
  3262 | D:5      | Reached skill level 10 in Axes
  3262 | D:5      | Reached XP level 7. HP: 42/57 MP: 7/7
  3408 | D:5      | Found a burning altar of Makhleb.
  3431 | D:5      | Became a worshipper of Makhleb the Destroyer
  3453 | D:5      | Reached skill level 11 in Axes
  3466 | D:5      | Slain by a sky beast

Vault maps used:
D:1:      minmay_arrival_four_loops, serial_bayou_pond_e,
          minmay_misc_feat_pillars
D:2:      marbit_many_paths, st_stairs_5
D:3:      xom_teletrap_fun, nicolae_ru_great_annihilating_truth,
          nicolae_dithmenos_shadow_blocks
D:5:      kennysheep_little_box, makhleb_grotto_becter, first_bread, uniq_ijyb,
          uniq_eustachio, uniq_grinder

Skill      XL: |  1  2  3  4  5  6  7 |
---------------+----------------------+-----
Axes           | 3 4 6 7 8 10 11 | 11.0
Fighting       | |  3.6
Armour         | |  3.2
Shields        | |  3.2

Action                   |  1- 3 |  4- 6 |  7- 9 || total
-------------------------+-------+-------+-------++-------
Melee: War axe           |    96 |   148 |    41 ||   285
  Use: Potion            |       |       |     1 ||     1
 Stab: Invisible         |       |     2 |       ||     2
  Eat: Chunk             |     1 |     5 |       ||     6
       Fruit             |       |       |     4 ||     4
Armor: Scale mail        |    44 |    48 |    12 ||   104
Dodge: Dodged            |    35 |    43 |     8 ||    86
Block: Shield            |    50 |    55 |    12 ||   117
